 Dungeon Sprint DCSS version 0.29-a0-284-gf9362112df (webtiles) character file.

Game seed: 8531125741900345680

51 mhtbhm the Vandal (level 3, 0/33 HPs)
             Began as a Minotaur Hunter on Mar 27, 2022.
             Slain by a water elemental (3 damage)
             ... in the Dungeon (Sprint III: "The Ten Rune Challenge").
             The game lasted 00:01:17 (490 turns).

mhtbhm the Vandal (Minotaur Hunter)                  Turns: 490, Time: 00:01:18

Health: 0/33       AC:  3    Str: 17    XL:     3   Next: 57%
Magic:  1/1        EV: 12    Int:  6    God:
Gold:   24         SH:  0    Dex: 15    Spells: 2/2 levels left

rFire   . . .      SeeInvis .   e - +0 club
rCold   . . .      Faith    .   (no shield)
rNeg    . . .      Spirit   .   b - +0 leather armour
rPois   .          Reflect  .   (helmet restricted)
rElec   .          Harm     .   (no cloak)
rCorr   .          Rampage  .   (no gloves)
Will    .....      NoTele   +   (no boots)
Stlth   +.........              (no amulet)
HPRegen 0.11/turn               (no ring)
MPRegen 0.07/turn               (no ring)

@: engulfed (cannot breathe)
A: horns 2, retaliatory headbutt, agile 1, low MP 1, mutation resistance 1
a: no special abilities


You were in the Dungeon.
You visited 1 branch You collected 24 gold pieces.

Inventory:

Hand Weapons
 a - a +1 hunting sling
 e - a +0 club (weapon)
Missiles
 j - 22 stones
Armour
 b - a +0 leather armour (worn)
Scrolls
 c - a scroll of immolation
 i - a scroll of blinking
 k - 2 scrolls of torment {unknown}
 l - a scroll of magic mapping {unknown}
 n - a scroll of identify {unknown}
Potions
 d - 2 potions of curing
 f - a potion of haste
 g - 2 potions of magic
 h - a potion of berserk rage
 m - 2 potions of flight {unknown}
 o - 2 potions of mutation


   Skills:
 + Level 4.0 Fighting
 + Level 0.5 Maces & Flails
 + Level 7.9 Slings
 + Level 2.1 Armour
 + Level 2.7 Dodging
 + Level 0.8 Stealth


You had 2 spell levels left.
You didn't know any spells.
Your spell library was empty.

Dungeon Overview and Level Annotations

Branches:
Dungeon (1/1)

Altars:


Innate Abilities, Weirdness & Mutations

You have a pair of horns on your head.
You reflexively headbutt those who attack you in melee.
You are agile. (Dex +2)
Your magical capacity is low. (-10% MP)
You are somewhat resistant to further mutation.


Message History

You shoot a sling bullet.
The sling bullet hits the water elemental but does no damage.
The water elemental is moderately damaged.
The water elemental barely misses you. You furiously retaliate!
You headbutt the water elemental.
There is an open door here.
Fire: a) +1 hunting sling
Press: ? - help, Q - select action, (/) - cycle Shift-Dir - straight line, f/p - water elemental
Aim: a water elemental (moderately damaged, 73% to hit)
You shoot a sling bullet.
The sling bullet barely misses the water elemental.
Unknown command.
You feel yourself slow down.
There are no items here.
Fire: a) +1 hunting sling
Press: ? - help, Q - select action, (/) - cycle Shift-Dir - straight line, f/p - water elemental
Aim: a water elemental (moderately damaged, 73% to hit)
You shoot a sling bullet.
The sling bullet hits the water elemental!
The water elemental is severely damaged.
The water elemental closely misses you.
e - a +0 club (weapon)
You hit the water elemental but do no damage.
Your headbutt misses the water elemental.
The water elemental is severely damaged.
The water elemental barely misses you.
There is an open door here.
You see here a +0 robe.
You hit the water elemental but do no damage.
The water elemental is severely damaged.
The water elemental hits you!
The water elemental engulfs you in water!
The water elemental hits you!!
Ouch! That really hurt!
* * * LOW HITPOINT WARNING * * *
Okay, then.
You slip free of the water engulfing you.
The water elemental attacks as you move away!
The water elemental hits you.
You die...

▓▓▓▓▓▓▓▓▓▓▓▓▓ ▓▓▓
▓<.#..'...♣.♣ ♣.#
▓..#..#....♣♣♣ ♣.#
▓#'####......♣ ♣.#
▓.....#....≈.♣ ♣.# #+
▓.....#...≈≈.♣ ♣♣.#...
▓.....#..≈≈≈≈♣♣♣..'.⌠.
▓####E#..≈≈≈≈≈≈.♣.#...
▓....@#.≈≈≈≈≈≈....# ⌠.
▓.....#.≈≈≈≈≈.....# .
▓.....#.≈≈≈.......#
▓'#####...........#
▓.................#
▓▓▓▓▓▓▓▓▓▓▓▓▓▓▓▓▓▓▓


You could see a water elemental.

Vanquished Creatures
  Jessica (D)
  A human (D)
  A phantom (D)
  An endoplasm (D)
  A rat (D)
5 creatures vanquished.

Notes
Turn   | Place    | Note
-------+----------+-------------------------------------------
     0 | D        | mhtbhm the Minotaur Hunter began the quest for the Orb.
     0 | D        | Reached XP level 1. HP: 18/18 MP: 0/0
     5 | D        | Reached skill level 5 in Slings
    82 | D        | Noticed Jessica
    90 | D        | Killed Jessica
    91 | D        | Reached skill level 7 in Slings
    91 | D        | Reached XP level 2. HP: 22/27 MP: 1/1
   232 | D        | Reached XP level 3. HP: 25/33 MP: 2/2
   421 | D        | Gained mutation: Your mind is acute. (Int +2) [potion of
                  | mutation]
   422 | D        | Lost mutation: Your mind is acute. (Int +2) [potion of
                  | mutation]
   422 | D        | Gained mutation: You are agile. (Dex +2) [potion of
                  | mutation]
   422 | D        | Gained mutation: Your magical capacity is low. (-10% MP)
                  | [potion of mutation]
   422 | D        | Gained mutation: You are somewhat resistant to further
                  | mutation. [potion of mutation]
   440 | D        | Noticed a water elemental
   490 | D        | Slain by a water elemental

Illustrated notes

Levels and vault maps discovered:
D:        dungeon_sprint_mu [sprint_mu_entry_forest, sprint_mu_temple_rooms,
          sprint_mu_d1_spiders, sprint_mu_d2_genie, sprint_mu_d3_branching,
          sprint_mu_orc_legion, sprint_mu_elf_gauntlet, sprint_mu_hive_nellie,
          sprint_mu_lair_fedhas, sprint_mu_vaults_butterflies,
          sprint_mu_slime_circle, sprint_mu_shoals_kraken,
          sprint_mu_snake_twists, sprint_mu_blade_basic,
          sprint_mu_crypt_chambers, sprint_mu_tomb_spiral,
          sprint_mu_vestibule_basic, sprint_mu_gehenna_hellfire,
          sprint_mu_dis_giant, sprint_mu_tartarus_statrot,
          sprint_mu_cocytus_islands, sprint_mu_zot1]

Skill      XL: |  1  2  3 |
---------------+----------+-----
Slings         | 7 |  7.9
Fighting       | 3 4 |  4.0
Armour         | 2 |  2.1
Maces & Flails | |  0.5
Dodging        | |  2.7
Stealth        | |  0.8

Action                   || total
-------------------------++-------
Melee: Club              ||     7
       Headbutt          ||     1
 Fire: Hunting sling     ||    33
  Use: Potion            ||     4
Dodge: Dodged            ||    10

Table legend: (Time is in decaauts)
 A = Elapsed time spent in this place.
 B = Non-inter-level travel time spent in this place.
 C = Inter-level travel time spent in this place.
 D = Time resting spent in this place.
 E = Time spent auto-exploring this place.
 F = Levels seen in this place.
 G = Mean time per level.
                   A        B        C        D        E       F      G
               +--------+--------+--------+--------+--------+-----+--------+
         Total |    496 |    496 |      0 |    338 |      1 |   1 |  496.0 |
       Dungeon |    496 |    496 |      0 |    338 |      1 |   1 |  496.0 |
               +--------+--------+--------+--------+--------+-----+--------+

Top non-repeatable levels by time:
       D: 496 daAuts
